 Dungeon Crawl Stone Soup version 0.20-a0-263-g81abdfb (webtiles) character file.

636 gamerape the Bolt Thrower (level 7, -3/39 HPs)
             Began as a Kobold Hunter on Dec 4, 2016.
             Was a Follower of Hepliaklqana.
             Slain by an iguana (6 damage)
             ... on level 4 of the Dungeon.
             The game lasted 00:20:35 (4573 turns).

gamerape the Bolt Thrower (Kobold Hunter)           Turns: 4573, Time: 00:20:35

Health: -3/39      AC:  4    Str:  9    XL:     7   Next: 79%
Magic:  7/7        EV: 17    Int: 12    God:    Hepliaklqana [*.....]
Gold:   167        SH:  0    Dex: 18    Spells: 6/6 levels left

rFire  + . .     SeeInvis .     a - +1 hand crossbow
rCold  x . .     Gourm    .     c - +0 leather armour
rNeg   . . .     Faith    .     (shield restricted)
rPois  .         Spirit   .     (no helmet)
rElec  .         Reflect  .     (no cloak)
rCorr  .         Harm     .     E - +0 pair of gloves
MR     .....                    (no boots)
Stlth  +++.......               (no amulet)
                                D - +1 ring of evasion
                                i - ring of fire

@: lethally poisoned (-3 -> -6)
A: reduced essence, carnivore 3
a: Recall Ancestor, Ancestor Identity, Renounce Religion


You were on level 4 of the Dungeon.
You worshipped Hepliaklqana.
Hepliaklqana was aware of your devotion.
You were completely stuffed.

You visited 1 branch of the dungeon, and saw 5 of its levels.

You collected 167 gold pieces.

Inventory:

Hand Weapons
 a - a +1 hand crossbow (weapon)
 b - a +0 rapier
 x - a +0 short sword
Missiles
 d - 28 bolts (quivered)
Armour
 c - a +0 leather armour (worn)
 t - a +0 shield
 E - a +0 pair of gloves (worn)
Jewellery
 g - an uncursed ring of ice
 i - a ring of fire (left hand)
 C - an uncursed ring of wizardry
 D - a +1 ring of evasion (right hand)
Wands
 H - a wand of flame (22/48)
Scrolls
 j - 3 scrolls of identify
 k - 2 scrolls of remove curse {unknown}
 l - 2 scrolls of teleportation {unknown}
 n - 2 scrolls of recharging {unknown}
 o - 2 scrolls of magic mapping {unknown}
 s - 3 scrolls of blinking {unknown}
 v - 2 scrolls of noise {unknown}
 y - a scroll of enchant weapon {unknown}
 B - a scroll of fog {unknown}
 F - a scroll of immolation {unknown}
 G - a scroll of amnesia {unknown}
Potions
 e - 2 potions of might
 h - a potion of heal wounds {unknown}
 p - a potion of degeneration {unknown}
 q - 3 potions of cancellation
 r - a potion of flight {unknown}
 u - a potion of brilliance {unknown}
 w - a potion of agility {unknown}
 z - 2 potions of mutation {unknown}
Comestibles
 f - 3 meat rations
 A - a beef jerky


   Skills:
 * Level 5.2 Fighting
 - Level 0.6 Short Blades
 * Level 7.8 Crossbows
 - Level 0.2 Armour
 + Level 4.1 Dodging
 + Level 4.1 Stealth


You had 6 spell levels left.
You didn't know any spells.

Dungeon Overview and Level Annotations

Branches:
Dungeon (5/15)             Temple (0/1) D:4

Altars:
Hepliaklqana
Ru
Xom


Innate Abilities, Weirdness & Mutations

You are small and have problems with some larger weapons.
You are carnivorous and can eat meat at any time.
Your life essence is reduced. (-10% HP)


Message History

The killer bee misses you. The killer bee closely misses you.
All of the chunks of flesh in your inventory have rotted away.
Firing (i - inventory):
d - 31 bolts (quivered)
Press: ? - help, Shift-Dir - straight line, f/p - killer bee
Aim: a killer bee (heavily wounded)
You shoot a bolt. The bolt hits the killer bee!
You kill the killer bee!
* * * LOW HITPOINT WARNING * * *
You feel sick. The iguana misses you.
Firing (i - inventory):
d - 30 bolts (quivered)
Press: ? - help, Shift-Dir - straight line, f - iguana
Aim: an iguana You shoot a bolt.
The bolt barely misses the iguana.
The iguana misses you.
Firing (i - inventory):
d - 29 bolts (quivered)
Press: ? - help, Shift-Dir - straight line, f/p - iguana
Aim: an iguana You shoot a bolt.
The bolt barely misses the iguana.
* * * LOW HITPOINT WARNING * * *
You feel sick. The iguana bites you.
You die...

..)##.####...####.#..###
#..........####.<.#..#
#.......)..# #.###..#
#..........# #.###.##
...........####.#...#
#..............(#...####
#......[....####>......#
#...........# #((.....#
............####@รท.....#
#....##.........l......#
....(..................#
.....#.................#
.....###...............#
.......................#
.....###.........#..>..#
.....# #........(####.##
.%...# #.....[...# #..#


You could see an iguana.

Vanquished Creatures
  A bullfrog (D:5)
  3 killer bees (D:4)
  A jelly (D:3)
  An orc wizard (D:4)
  2 worker ants (D:3)
  An ancestor (D:4)
  3 adders
  An ooze (D:1)
  7 worms
  3 dart slugs
  A leopard gecko (D:3)
  4 orcs (D:3)
  9 bats
  5 giant cockroaches
  7 goblins
  7 hobgoblins
  12 jackals
  4 quokkas
  3 ball pythons
  6 frilled lizards
  A jackal skeleton (D:4)
  9 kobolds
  A leopard gecko skeleton (D:4)
  7 rats
99 creatures vanquished.

Vanquished Creatures (collateral kills)
  An orc warrior (D:3)
  A bullfrog (D:4)
  A worm (D:4)
  4 orcs (D:3)
  A ball python (D:3)
  A jackal (D:4)
  A quokka (D:3)
10 creatures vanquished.

Vanquished Creatures (others)
  An ancestor (D:5)
1 creature vanquished.

Grand Total: 110 creatures vanquished

Notes
Turn   | Place    | Note
-------+----------+-------------------------------------------
     0 | D:1      | gamerape the Kobold Hunter began the quest for the Orb.
     0 | D:1      | Reached XP level 1. HP: 12/12 MP: 1/1
    39 | D:1      | Reached skill level 5 in Crossbows
    61 | D:1      | Reached XP level 2. HP: 18/18 MP: 2/2
   323 | D:1      | Reached XP level 3. HP: 19/22 MP: 3/3
  1043 | D:2      | Reached XP level 4. HP: 27/27 MP: 4/4
  1408 | D:2      | Reached skill level 6 in Crossbows
  2044 | D:3      | Reached XP level 5. HP: 32/32 MP: 5/5
  2365 | D:3      | Found a hazy altar of Hepliaklqana.
  2368 | D:3      | Became a worshipper of Hepliaklqana the Forgotten
  2635 | D:3      | Reached XP level 6. HP: 31/34 MP: 6/6
  3275 | D:4      | Noticed an orc warrior
  3327 | D:3      | Killed an orc warrior
  3327 | D:3      | Reached skill level 7 in Crossbows
  3710 | D:4      | Found a staircase to the Ecumenical Temple.
  3764 | D:4      | Reached XP level 7. HP: 39/39 MP: 7/7
  4004 | D:4      | Found a sacrificial altar of Ru.
  4006 | D:4      | Reached * piety under Hepliaklqana
  4084 | D:4      | Found a shimmering altar of Xom.
  4286 | D:5      | Entered Level 5 of the Dungeon
  4332 | D:4      | Reached skill level 5 in Fighting
  4573 | D:4      | Slain by an iguana

Vault maps used:
D:1:      evilmike_arrival_fibonacci_small
D:2:      first_bread
D:3:      lemuel_doored_altar
D:4:      nicolae_overflow_crystal_walls, nicolae_ru_sacrificial_ziggurat,
          minivault_1
D:5:      vehumet_altar_wand_db, uniq_duvessa

Skill      XL: |  1  2  3  4  5  6  7 |
---------------+----------------------+-----
Crossbows      | 5 6 7 |  7.8
Stealth        | 2 3 4 |  4.1
Fighting       | 3 4 5 |  5.2
Dodging        | 3 4 |  4.1
Short Blades   | |  0.6
Armour         | |  0.2

Action                   |  1- 3 |  4- 6 |  7- 9 || total
-------------------------+-------+-------+-------++-------
Melee: Short sword       |    80 |    32 |       ||   112
       Rapier            |       |   103 |    18 ||   121
 Fire: Hand crossbow     |    29 |    64 |    34 ||   127
Invok: Ancestor Identity |       |     1 |       ||     1
       Recall Ancestor   |       |     1 |       ||     1
  Use: Potion            |       |     3 |     2 ||     5
       Scroll            |       |     2 |       ||     2
 Stab: Sleeping          |     3 |     4 |     3 ||    10
       Distracted        |       |     1 |     1 ||     2
  Eat: Chunk             |     9 |     8 |     3 ||    20
Armor: Leather armour    |    20 |    22 |     5 ||    47
Dodge: Dodged            |    67 |   111 |    81 ||   259
